 Dungeon Crawl Stone Soup version 0.30-b1-2-g02819fbbbe (webtiles) character file.

Game seed: 7525359575344478044

1288 raph the Ruffian (level 8, 0/74 HPs)
             Began as a Troll Warper on June 16, 2023.
             Slain by Prince Ribbit (17 damage)
             ... on level 6 of the Dungeon.
             The game lasted 00:07:46 (5346 turns).

raph the Ruffian (Troll Warper)                     Turns: 5346, Time: 00:07:46

Health: 0/74       AC:  5    Str: 20    XL:     8   Next: 30%
Magic:  5/9        EV:  9    Int: 17    God:
Gold:   395        SH:  0    Dex:  9    Spells: 4/10 levels left

rFire   + .          .
                       - Unarmed
rCold   . . .        (no shield)
rNeg    . . .        a - +0 robe
rPois   .            (helmet restricted)
rElec   .            p - +0 cloak
rCorr   .            (gloves unavailable)
SInv    .            (boots unavailable)
Will    .....        k - amulet of the acrobat
Stlth   +            h - ring of protection from fire
HPRegen 1.12/turn    r - +6 ring of intelligence
MPRegen 0.11/turn

%: acrobat
@: no status effects
A: large, unfitting armour, claws 3, regeneration 1, shaggy fur 1, tough skin 1
a: no special abilities


You were on level 6 of the Dungeon.
You visited 1 branch of the dungeon, and saw 6 of its levels.

You collected 395 gold pieces.

Inventory:

Missiles
 c - 10 boomerangs of dispersal (quivered)
Armour
 a - a +0 robe (worn)
 p - a +0 cloak (worn)
Jewellery
 h - a ring of protection from fire (left claw)
 k - an amulet of the acrobat (around neck)
 l - a ring of resist corrosion
 n - a ring of protection from cold
 r - a +6 ring of intelligence (right claw)
 s - a ring of willpower
 v - a ring of magical power
Wands
 f - a wand of mindburst (10)
 u - a wand of roots (10)
 w - a wand of charming (5)
Scrolls
 b - 2 scrolls of blinking
 d - a scroll of amnesia
 i - a scroll of identify
 m - 3 scrolls of teleportation
 x - a scroll of brand weapon {unknown}
Potions
 e - a potion of haste
 g - a potion of lignification
 j - a potion of flight
 o - a potion of curing
 q - 2 potions of brilliance
 t - 2 potions of mutation


   Skills:
 + Level 2.5 Fighting
 - Level 0.8 Throwing
 - Level 1.9 Dodging
 * Level 6.4 Unarmed Combat
 + Level 1.9 Spellcasting
 + Level 1.5 Summonings
 + Level 4.7 Translocations
 - Level 2.4 Air Magic


You had 4 spell levels left.
You knew the following spells:

 Your Spells              Type           Power      Damage    Failure   Level
a - Blink                 Tloc           34%        N/A       4%          2
b - Vhi's Electric Charg  Tloc/Air       26%        N/A       14%         3
c - Summon Small Mammal   Summ           28%        N/A       11%         1

Your spell library contained the following spells:

 Spells                   Type           Power      Damage    Failure   Level
 Apportation              Tloc           34%        N/A       2%          1
 Lesser Beckoning         Tloc           34%        N/A       4%          2
 Teleport Other           Tloc           17%        N/A       9%          3
 Necrotise                Necr           4%         1d4       21%         1
 Slow                     Hex            4%         N/A       21%         1
 Manifold Assault         Tloc           17%        N/A       28%         4
 Call Canine Familiar     Summ           7%         N/A       30%         3
 Summon Guardian Golem    Hex/Summ       4%         N/A       38%         3
 Confusing Touch          Hex            1%         N/A       52%         3
 Vampiric Draining        Necr           1%         2d6       52%         3


Dungeon Overview and Level Annotations

Branches:
Dungeon (6/15)
 Temple: D:4-7

Altars:
Vehumet

Portals:
Abyss: D:6

Annotations:
D:4 2 transporters
D:6 2 transporters, NimIero's ghost, novice AtBe; Prince Ribbit


Innate Abilities, Weirdness & Mutations

You are too large for most types of armour.
You have claws for hands.
Your natural rate of healing is unusually fast.
You are covered in fur. (AC +1)
You have tough skin. (AC +1)


Message History

The adder completely misses you. The adder completely misses you.
The adder misses you.
You miss the adder.
Prince Ribbit lets out a mournful croak.
The adder barely misses you. The adder bites you but does no damage.
You mangle the adder!!
You kill the adder!
You miss Prince Ribbit.
Prince Ribbit is moderately wounded.
Prince Ribbit blinks!
You claw the ice beast!
You claw the ice beast, but do no damage.
The ice beast is severely wounded.
The ice beast hits you but does no damage.
You claw the ice beast!
The ice beast is almost dead.
The ice beast hits you. The ice beast freezes you!
You closely miss the ice beast.
The ice beast is almost dead.
The ice beast closely misses you.
You closely miss the ice beast.
The ice beast is almost dead.
Prince Ribbit croaks regally.
The ice beast hits you. The ice beast freezes you!
You claw the ice beast!
You kill the ice beast!
You closely miss Prince Ribbit.
Prince Ribbit is moderately wounded.
Prince Ribbit hits you. Prince Ribbit hits you!
* * * LOW HITPOINT WARNING * * *
You claw Prince Ribbit!
Prince Ribbit is severely wounded.
Prince Ribbit completely misses you.
You claw Prince Ribbit!
Prince Ribbit is almost dead.
Prince Ribbit blinks!
You barely miss Prince Ribbit.
Prince Ribbit is almost dead.
Prince Ribbit hits you!
You die...

#...##.###.###.#.###
##.##..F##.###.#.#.#
#.#..............# .#
#........F###...# .#
#..............## ##.#
#.........###...###..#
##....S....# ##...#...#
S...#...#.(..###§#.#.#
###.##.##..#.# #@#.#.##
#.##.........F.#....##
#.#####.##.#####.....#
#.# .##.# ##....#
#.##### ##.# ##.#.#
##)....#.##.#### #.#.#
##.###..#.##....## #.#.#
.....#..#.####.#.###.#.#
..........###..§#§##.#.#


You could see Prince Ribbit.

Vanquished Creatures
  Eustachio (D:4)
  An ice beast (D:6)
  A sky beast (D:6)
  An ogre (D:6)
  A phantom (D:6)
  A bullfrog (D:6)
  Blork the orc (D:5)
  A gnoll sergeant (D:6)
  3 scorpions
  A jelly (D:6)
  A hound (D:5)
  Crazy Yiuf (D:2)
  4 iguanas
  2 orc wizards (D:5)
  3 gnolls (D:6)
  10 adders
  A shadow imp (D:5)
  3 worms
  A dart slug (D:2)
  13 orcs
  7 ball pythons
  3 endoplasms
  4 giant cockroaches
  7 goblins
  2 hobgoblins
  6 kobolds
  4 quokkas
  2 frilled lizards
  2 rats (D:2)
88 creatures vanquished.

Notes
Turn   | Place    | Note
-------+----------+-------------------------------------------
     0 | D:1      | raph the Troll Warper began the quest for the Orb.
     0 | D:1      | Reached XP level 1. HP: 19/19 MP: 1/1
    57 | D:1      | You fall into a shaft and drop 1 floor!
    97 | D:2      | Reached XP level 2. HP: 24/27 MP: 2/2
   398 | D:1      | Learned a level 2 spell: Blink
   600 | D:1      | Reached XP level 3. HP: 33/33 MP: 3/3
   951 | D:2      | Reached skill level 3 in Unarmed Combat
  1156 | D:2      | Found a runed translucent door.
  1157 | D:2      | Noticed Crazy Yiuf
  1167 | D:2      | Killed Crazy Yiuf
  1168 | D:2      | Reached XP level 4. HP: 15/41 MP: 4/4
  1270 | D:2      | Found a faded altar of an unknown god.
  1441 | D:3      | Learned a level 3 spell: Vhi's Electric Charge
  2162 | D:4      | Found a transporter.
  2185 | D:4      | Noticed Eustachio
  2397 | D:4      | Killed Eustachio
  2398 | D:4      | Reached skill level 4 in Unarmed Combat
  2398 | D:4      | Reached skill level 1 in Air Magic
  2398 | D:4      | Reached XP level 5. HP: 39/48 MP: 5/5
  2434 | D:4      | Reached XP level 6. HP: 19/55 MP: 6/6
  2831 | D:4      | Found a transporter.
  3224 | D:5      | Entered Level 5 of the Dungeon
  3813 | D:5      | Noticed Blork the orc
  3815 | D:5      | Killed Blork the orc
  3898 | D:5      | Reached skill level 5 in Unarmed Combat
  3898 | D:5      | Reached XP level 7. HP: 9/62 MP: 5/7
  4378 | D:6      | Found a transporter.
  4422 | D:6      | Learned a level 1 spell: Summon Small Mammal
  4558 | D:6      | Found a one-way gate to the infinite horrors of the Abyss.
  4558 | D:6      | Noticed NimIero's ghost (novice AtBe)
  4558 | D:6      | Noticed a large abomination
  4587 | D:6      | Found a transporter.
  4697 | D:6      | Noticed Prince Ribbit
  4715 | D:6      | Reached skill level 1 in Summonings
  4730 | D:6      | Reached XP level 8. HP: 31/72 MP: 0/9
  4973 | D:6      | Reached skill level 6 in Unarmed Combat
  5263 | D:6      | Found a radiant altar of Vehumet.
  5346 | D:6      | Slain by Prince Ribbit

Illustrated notes

Levels and vault maps discovered:
D:1:      ebering_trefoil_twist, layout_rooms
D:2:      layout_loops_ring, basic_ecumenical_altar, palyth_stone_intersect,
          minmay_statues_item, uniq_crazy_yiuf_cottage
D:3:      cheibrodos_helix_gallery, layout_basic
D:4:      gammafunk_cloud_chamber, layout_basic, uniq_eustachio
D:5:      layout_gridville, grunt_ministairs_11, wad_floor_pattern_untrapped,
          minivault_14, minmay_large_rounded_square, uniq_blork_the_orc
D:6:      minmay_diamond_boxcup, layout_loops_ring, kennysheep_mini_moat,
          gammafunk_ghost_abyssal_escape, nicolae_fountain_basement,
          uniq_prince_ribbit1

Skill      XL: |  1  2  3  4  5  6  7  8 |
---------------+-------------------------+-----
Unarmed Combat | 3 4 5 6 |  6.4
Translocations | 3 4 |  4.7
Air Magic      | 1 2 |  2.4
Fighting       | 2 |  2.5
Summonings     | 1 |  1.5
Throwing       | |  0.8
Dodging        | |  1.9
Spellcasting   | |  1.9

Action                     |  1- 3 |  4- 6 |  7- 9 || total
---------------------------+-------+-------+-------++-------
  Melee: Unarmed           |    83 |   157 |   128 ||   368
         Punch             |       |     4 |     4 ||     8
   Cast: Vhi's Electric Ch |       |     2 |     4 ||     6
         Blink             |       |     1 |     1 ||     2
    Use: Scroll            |       |    13 |     2 ||    15
         Potion            |       |       |     1 ||     1
   Stab: Sleeping          |     1 |       |       ||     1
 Armour: Robe              |    37 |    61 |    27 ||   125
  Dodge: Dodged            |    28 |    95 |    59 ||   182
